Map: Waterfall

Players

Electrician

  • Race: Zerg Zerg
  • League: Master
  • Spawn Location: 7:00

VOD

Have the link to the VOD?

Description

Time

  • Played on: July 29, 2022, 6:53 p.m.
  • Length: 4:20
Show
View Real Time Build Order
Export as new Build Order

Electrician Zerg 

Build Orders:  

Get SALT Encoding   

  12  0:01  Drone  
  13  0:12  Drone  
  14  0:51  Hatchery  
  13  1:09  Spawning Pool  
  12  1:15  Drone  
  13  1:21  Drone  
  14  1:33  Overlord  
  14  1:52  Extractor  
  14  1:56  Extractor, Drone  
  14  1:57  Drone  
  15  2:18  Roach Warren  
  14  2:23  Drone  
  15  2:33  Zergling x2  
  15  2:39  Drone  
  17  2:50  Drone  
  18  3:17  Roach  
  18  3:18  Roach  
  22  3:32  Roach  
  24  3:48  Roach  
Tags
 
League
Master
Matchup
Co-op
Add a new tag
Caveats
  • Supply blocks, unpowered buildings, or Contaminate may cause inaccurate times.
  • Supply counts are checked every 10 seconds.